 Dungeon Crawl Stone Soup version 0.30-a0-718-geaa24f58ff (webtiles) character file.

Game seed: 10758204526911613023

452 hikkokomori the Trooper (level 7, 0/37 HPs)
             Began as a Vine Stalker Fighter on Jan 26, 2023.
             Killed from afar by an acid dragon (24 damage)
             ... with a splash of acid
             ... on level 5 of the Dungeon.
             The game lasted 00:03:32 (3570 turns).

hikkokomori the Trooper (Vine Stalker Fighter)      Turns: 3570, Time: 00:03:32

Health: 0/37       AC:  4    Str: 21    XL:     7   Next: 4%
Magic:  0/17       EV:  9    Int:  8    God:
Gold:   204        SH:  5    Dex: 13    Spells: 6/6 levels left

rFire   . . .      SeeInvis .    a - +0 flail
rCold   . . .      Faith    .    c - +0 buckler
rNeg    + . .      Spirit   +    b - +0 scale mail
rPois   .          Reflect  .    (no helmet)
rElec   .          Harm     .    v - +0 cloak
rCorr   .          Rampage  .    (no gloves)
Will    .....                    (no boots) Stlth
                                 (no amulet)
HPRegen 1.06/turn                q - ring of positive energy
MPRegen 0.15/turn                i - ring of magical power

@: corroded
A: fangs 2, regeneration 1, magic shield, antimagic bite, no potion heal 2
a: no special abilities


You were on level 5 of the Dungeon.
You visited 1 branch of the dungeon, and saw 5 of its levels.

You collected 204 gold pieces.

Inventory:

Hand Weapons
 a - a +0 flail (weapon)
Missiles
 f - a throwing net
 p - 4 javelins (quivered)
Armour
 b - a +0 scale mail (worn)
 c - a +0 buckler (worn)
 v - a +0 cloak (worn)
Jewellery
 i - a ring of magical power (right hand)
 q - a ring of positive energy (left hand)
Wands
 o - a wand of paralysis (7)
Scrolls
 m - a scroll of blinking
 s - a scroll of enchant armour {unknown}
Potions
 d - 3 potions of might
 e - 3 potions of curing
 g - a potion of degeneration {unknown}
 h - a potion of heal wounds {unknown}
 j - a potion of ambrosia
 k - a potion of resistance
 l - a potion of attraction {unknown}
 n - a potion of haste {unknown}
 r - a potion of mutation {unknown}


   Skills:
 + Level 4.2 Fighting
 + Level 3.6 Maces & Flails
 + Level 3.8 Armour
 + Level 4.1 Shields


You had 6 spell levels left.
You didn't know any spells.
Your spell library contained the following spells:

 Spells                   Type           Power      Damage    Failure   Level
 Apportation              Tloc           0%         N/A       83%         1
 Necrotise                Necr           0%         1d4       83%         1
 Summon Small Mammal      Summ           0%         N/A       83%         1
 Sublimation of Blood     Necr           0%         N/A       92%         2
 Wereblood                Tmut           0%         N/A       92%         2
 Dazzling Flash           Conj/Hex       0%         N/A       99%         3
 Iskenderun's Mystic Bla  Conj/Tloc      0%         2d3       100%        4
 Starburst                Conj/Fire      0%         6d3       100%        6
 Summon Hydra             Summ           0%         N/A       100%        7


Dungeon Overview and Level Annotations

Branches:
Dungeon (5/15)
 Temple: D:4-7

Altars:


Innate Abilities, Weirdness & Mutations

You have extremely sharp teeth.
Your natural rate of healing is unusually fast.
When hurt, damage is shared between your health and your magic reserves.
Your bite disrupts and absorbs the magic of your enemies.
Potions cannot restore your health.


Message History

The jelly is almost dead.
The jelly closely misses you.
You sock the jelly!
You kill the jelly!
You have reached level 7!
You are no longer corroded.
You pick up a book of Blood and begin reading...
You add the spells Sublimation of Blood, Wereblood and Summon Hydra to your library.
Found a robe.
s - a scroll labelled TUSUH JECISH A jackal comes into view.
The jackal barks!
A jackal is nearby!
A jackal is nearby!
A white imp and an acid dragon come into view.
The white imp shouts, "Out, out, thou gorbellied unchin-snouted measle!"
The acid dragon roars!
The white imp gestures at you. You block the puff of frost.
A jackal comes into view.
The jackal barks!
The white imp gestures at you. The puff of frost hits you.
You sock the jackal!
You kill the jackal!
The acid dragon spits acid at you. The splash of acid hits you!
The acid corrodes you!
You barely miss the white imp. You block the white imp's attack.
The jackal bites you but does no damage.
You barely miss the white imp.
The white imp hits you but does no damage.
The jackal bites you.
You sock the acid dragon!
The acid dragon is moderately wounded.
The jackal bites you but does no damage.
The white imp hits you. The white imp freezes you.
The acid dragon spits acid at you. The splash of acid hits you!!
Ouch! That really hurt!
You die...

#..#.........#..
###.#.............
##...#............#
#. #.#.............
#. #............###
###.##............# #
.................## #
.#####.5.#.#........#
......h@##.......[...
......D..............
.......#.#..........
......##...........
...... ...........
......#..#........
..... #.##........
..... .. #...###.# ..
...#


You could see an acid dragon (catching breath), a white imp and a jackal.

Vanquished Creatures
  A phantom (D:4)
  A scorpion (D:4)
  A hound (D:5)
  2 jellies
  An orc priest (D:3)
  An iguana (D:4)
  3 gnolls (D:3)
  4 adders
  A white imp (D:5)
  An ufetubus (D:4)
  2 worms
  6 dart slugs
  3 orcs (D:3)
  4 ball pythons
  4 bats
  6 endoplasms
  4 giant cockroaches
  9 goblins
  7 hobgoblins
  A jackal (D:5)
  4 quokkas
  3 frilled lizards
  6 kobolds
  6 rats
81 creatures vanquished.

Notes
Turn   | Place    | Note
-------+----------+-------------------------------------------
     0 | D:1      | hikkokomori the Vine Stalker Fighter began the quest for
                  | the Orb.
     0 | D:1      | Reached XP level 1. HP: 11/11 MP: 2/2
   136 | D:1      | Reached XP level 2. HP: 16/16 MP: 3/3
   405 | D:1      | Reached XP level 3. HP: 14/20 MP: 4/4
  1987 | D:3      | Gained mutation: Your natural rate of healing is unusually
                  | fast. [Vine Stalker growth]
  1987 | D:3      | Reached XP level 4. HP: 16/24 MP: 5/5
  2326 | D:3      | Reached XP level 5. HP: 28/28 MP: 6/6
  2773 | D:4      | Noticed a phantom
  2792 | D:4      | Killed a phantom
  2793 | D:4      | Reached XP level 6. HP: 29/33 MP: 4/7
  3410 | D:5      | Entered Level 5 of the Dungeon
  3528 | D:5      | Reached XP level 7. HP: 37/37 MP: 8/8
  3570 | D:5      | Killed from afar by an acid dragon

Illustrated notes

Levels and vault maps discovered:
D:1:      dpeg_arrival_short_road, layout_loops_ring,
          chequers_serial_rivers_room_a
D:2:      layout_basic
D:3:      layout_loops_corners
D:4:      layout_loops_cross
D:5:      layout_rooms

Skill      XL: |  1  2  3  4  5  6 |
---------------+-------------------+-----
Maces & Flails | 2 3 |  3.6
Fighting       | 3 4 |  4.2
Shields        | 3 4 |  4.1
Armour         | 3 |  3.8

Action                     |  1- 3 |  4- 6 |  7- 9 || total
---------------------------+-------+-------+-------++-------
  Melee: Flail             |    97 |   117 |     4 ||   218
         Bite              |    22 |    30 |       ||    52
    Use: Scroll            |     1 |     8 |       ||     9
 Armour: Scale mail        |    37 |    45 |     3 ||    85
  Dodge: Dodged            |    43 |    47 |       ||    90
  Block: Buckler           |    20 |    21 |     2 ||    43

Table legend: (Time is in decaauts)
 A = Elapsed time spent in this place.
 B = Non-inter-level travel time spent in this place.
 C = Inter-level travel time spent in this place.
 D = Time resting spent in this place.
 E = Time spent auto-exploring this place.
 F = Levels seen in this place.
 G = Mean time per level.
                   A        B        C        D        E       F      G
               +--------+--------+--------+--------+--------+-----+--------+
         Total |   3636 |   3533 |    103 |     34 |   2949 |   5 |  727.2 |
       Dungeon |   3636 |   3533 |    103 |     34 |   2949 |   5 |  727.2 |
               +--------+--------+--------+--------+--------+-----+--------+

Top non-repeatable levels by time:
     D:2: 944 daAuts
     D:3: 900 daAuts
     D:1: 858 daAuts
     D:4: 767 daAuts
     D:5: 165 daAuts
